 Dungeon Crawl Stone Soup version 0.17.1-1-g73c8601 (webtiles) character file.

169 Kurtz the Insei (level 5, 0/41 HPs)
             Began as a Mummy Monk on Mar 11, 2018.
             Slain by a mummy (4 damage)
             ... in an ossuary.
             The game lasted 00:08:25 (5033 turns).

Kurtz the Insei (Mummy Monk)                        Turns: 5033, Time: 00:08:25

Health: 0/41       AC:  0    Str: 14    XL:     5   Next: 25%
Magic:  5/5        EV: 10    Int: 10    God:
Gold:   210        SH:  8    Dex: 15    Spells: 0 memorised, 4 levels left

rFire  x . .     SeeInvis .       - Unarmed
rCold  + . .     Clarity  .     (no armour)
rNeg   + + +     SustAt   .     d - +0 shield
rPois  ∞         Gourm    .     (no helmet)
rElec  .         Spirit   .     (no cloak)
rCorr  .         Warding  .     (no gloves)
rMut   .         Stasis   .     (no boots)
MR     .....                    (no amulet)
Stlth  ++........               (no ring)
                                (no ring)

@: not resistant to hostile enchantments, unstealthy
A: no food or potions, fire vulnerability, cold resistance 1, negative energy
resistance 3, torment resistance, unbreathing
a: no special abilities


You were in an ossuary.
You were not hungry.

You visited 1 branch of the dungeon, and saw 6 of its levels.
You also visited: Ossuary.

You collected 210 gold pieces.

Inventory:

Missiles
 i - 6 arrows (quivered)
Armour
 d - a +0 shield (worn)
Scrolls
 a - a scroll of remove curse {unknown}
 b - a scroll of enchant weapon {unknown}
 c - 2 scrolls of identify {unknown}
 e - a scroll of teleportation {unknown}
 f - a scroll of fog {unknown}
 g - a scroll of immolation {unknown}
 h - a scroll of fear {unknown}
Books
 j - a book of Beasts

   Spells                             Type                      Level
   a - Summon Butterflies             Summoning                    1
   b - Call Canine Familiar           Summoning                    3
   c - Summon Ice Beast               Ice/Summoning                4
   d - Summon Mana Viper              Hexes/Summoning              5
   e - Summon Hydra                   Summoning                    7


   Skills:
 - Level 3.2 Fighting
 - Level 3.0 Dodging
 - Level 2.1 Stealth
 - Level 1.6 Shields
 * Level 4.4 Unarmed Combat


You had 4 spell levels left.
You didn't know any spells.

Dungeon Overview and Level Annotations

Branches:
Dungeon (6/15)
 Temple: D:4-7

Altars:
Elyvilon
Fedhas

Annotations:
D:1 exclusion: downstairs
D:2 Sigmund


Innate Abilities, Weirdness & Mutations

You do not eat or drink.
Your flesh is vulnerable to fire.
You are immune to poison.
Your flesh is cold resistant.
You are immune to negative energy.
You are immune to unholy pain and torment.
You can survive without breathing.


Message History

The mummy hits you!
* * * LOW HITPOINT WARNING * * *
You hit the mummy but do no damage.
The mummy is moderately damaged.
There is an empty arch of ancient stone here.
There is a gate leading back out of this place here.
Keep equipping yourself?
You start putting on your armour.
You continue putting on your shield.
You continue putting on your shield. x2
The mummy hits you.
* * * LOW HITPOINT WARNING * * *
You continue putting on your shield.
The mummy closely misses you.
You finish putting on your +0 shield.
You hit the mummy.
The mummy is heavily damaged.
You hit the mummy.
The mummy is heavily damaged.
The mummy hits you.
You die...

#...'....⌠....+
+...#.........#
###..###.......##
#.'.## ##.....##
###.# ###'### #.#
#.# !!? ##.## .!!
#.M.# ##### #.@.#
#####


You could see a mummy.

Vanquished Creatures
  A centaur skeleton (D:4)
  An orc wizard (D:4)
  A hound zombie (D:5)
  A hound skeleton (D:4)
  2 adders (D:3)
  A worm (D:2)
  A giant gecko (D:3)
  5 orcs
  5 bats
  2 giant cockroaches
  5 goblins
  7 hobgoblins
  6 jackals
  6 kobolds
  3 quokkas (D:3)
  3 giant newts (D:1)
  A goblin zombie (Ossuary)
  11 rats
62 creatures vanquished.

Notes
Turn   | Place    | Note
--------------------------------------------------------------
     0 | D:1      | Kurtz the Mummy Monk began the quest for the Orb.
     0 | D:1      | Reached XP level 1. HP: 18/18 MP: 1/1
   445 | D:1      | Reached XP level 2. HP: 17/24 MP: 2/2
  1877 | D:1      | Reached XP level 3. HP: 29/29 MP: 3/3
  2467 | D:2      | Noticed Sigmund
  3077 | D:3      | Found a white marble altar of Elyvilon.
  3262 | D:4      | Reached skill level 4 in Unarmed Combat
  3524 | D:3      | Found a white marble altar of Elyvilon.
  3526 | D:3      | Found a blossoming altar of Fedhas.
  3556 | D:4      | Reached XP level 4. HP: 15/35 MP: 4/4
  4183 | D:3      | Reached skill level 1 in Shields
  4537 | D:5      | Entered Level 5 of the Dungeon
  4707 | D:4      | Reached XP level 5. HP: 29/41 MP: 5/5
  4771 | D:5      | Noticed an ice beast
  4823 | D:5      | Noticed an ogre
  4973 | D:5      | Found a sand-covered staircase.
  4983 | Ossuary  | Entered an ossuary
  5033 | Ossuary  | Slain by a mummy

Action                   |  1- 3 |  4- 6 || total
-------------------------+-------+-------++-------
Melee: Unarmed           |   190 |    94 ||   284
 Stab: Sleeping          |     5 |     1 ||     6
